 Dungeon Crawl Stone Soup version 0.30.0-29-ga12c61a403 (webtiles) character file.

Game seed: 5629081875034971456

2517 AiryTheDragon the Poker (level 9, -21/64 HPs)
             Began as a Demonspawn Gladiator on June 20, 2023.
             Demolished by a two-headed ogre
             ... wielding a +0 giant club
              (28 damage)
             ... on level 8 of the Dungeon.
             The game lasted 01:08:07 (5835 turns).

AiryTheDragon the Poker (Demonspawn Gladiator)      Turns: 5835, Time: 01:08:07

Health: -21/64     AC: 13    Str: 16    XL:     9   Next: 29%
Magic:  14/14      EV: 12    Int: 18    God:
Gold:   71         SH:  6    Dex: 15    Spells: 5/15 levels left

rFire   . . .        P - +7 trident
rCold   . . .        o - +2 buckler {reflect}
rNeg    . . .        I - +0 scale mail
rPois   +            W - +2 hat
rElec   .            v - +0 cloak
rCorr   .            i - +2 pair of gloves
SInv    .            (no boots)
Will    .....        n - amulet of the acrobat Stlth
                     g - ring of poison resistance
HPRegen 0.30/turn    F - +6 ring of intelligence
MPRegen 0.14/turn

%: reflection, acrobat
@: no status effects
A: repulsion field 1, powered by pain 2, spiny 2, demonic touch 2
a: no special abilities


You were on level 8 of the Dungeon.
You visited 2 branches of the dungeon, and saw 9 of its levels.
You also visited: Sewer.

You collected 398 gold pieces.
You spent 327 gold pieces at shops.

Inventory:

Hand Weapons
 w - a +0 dagger of flaming
 B - a +2 dagger of venom
 K - a +1 heavy morningstar
 P - a +7 trident (weapon)
 Q - a +4 great sword
 R - a +4 morningstar
Missiles
 d - 2 throwing nets (quivered)
 e - a curare-tipped dart
 j - 40 poisoned darts
 U - 2 boomerangs
 V - 4 atropa-tipped darts
Armour
 b - a +0 leather armour
 c - a +0 helmet
 h - an orb of light
 i - a +2 pair of gloves (worn)
 o - a +2 buckler of reflection (worn)
 v - a +0 cloak (worn)
 A - an orb of wrath
 G - a +0 ring mail
 I - a +0 scale mail (worn)
 W - a +2 hat (worn)
Jewellery
 g - a ring of poison resistance (left hand)
 n - an amulet of the acrobat (around neck)
 q - a ring of magical power
 y - an amulet of magic regeneration
 F - a +6 ring of intelligence (right hand)
 H - an amulet of faith
Wands
 T - a wand of flame (11)
Scrolls
 f - a scroll of amnesia {unknown}
 m - a scroll of enchant weapon
 r - 2 scrolls of brand weapon {unknown}
 s - 2 scrolls of fear {unknown}
 t - a scroll of magic mapping {unknown}
 x - 3 scrolls of blinking
 z - 4 scrolls of enchant armour {unknown}
Potions
 a - a potion of lignification {unknown}
 k - 3 potions of attraction {unknown}
 l - 2 potions of degeneration
 p - 4 potions of curing
 u - 3 potions of heal wounds
 C - 3 potions of ambrosia
 D - a potion of flight {unknown}
 E - a potion of berserk rage {unknown}
 J - a potion of magic {unknown}
 L - a potion of resistance {unknown}
 M - 2 potions of mutation {unknown}
 O - a potion of might {unknown}
 S - a potion of brilliance {unknown}
 X - a potion of haste {unknown}


   Skills:
 + Level 3.5 Fighting
 + Level 3.1(4.0) Axes
 + Level 3.9(5.0) Polearms
 + Level 3.0(4.0) Staves
 + Level 3.3 Throwing
 + Level 3.2 Armour
 + Level 3.4 Dodging
 + Level 1.1 Stealth
 * Level 1.8 Shields
 * Level 3.5 Spellcasting
 + Level 2.3 Conjurations
 + Level 2.5 Hexes
 * Level 3.0 Translocations
 * Level 3.0 Fire Magic
 * Level 3.3 Evocations


You had 5 spell levels left.
You knew the following spells:

 Your Spells              Type           Power      Damage    Failure   Level
a - Fulminant Prism       Conj/Hex       6%         3d6       95%         4
b - Volatile Blastmotes   Fire/Tloc      28%        2d12      52%         3
c - Poisonous Vapours     Pois/Air       6%         N/A       73%         2
d - Foxfire               Conj/Fire      48%        2x1d6     24%         1

Your spell library contained the following spells:

 Spells                   Type           Power      Damage    Failure   Level
 Sting                    Tmut/Pois      12%        1d3       58%         1
 Iskenderun's Mystic Bla  Conj/Tloc      12%        2d5       93%         4
 Olgreb's Toxic Radiance  Pois           3%         N/A       100%        4
 Fireball                 Conj/Fire      6%         3d5       100%        5
 Lee's Rapid Deconstruct  Erth           1%         3d4*      100%        5
 Summon Forest            Summ/Tloc      4%         N/A       100%        5
 Eringya's Noxious Bog    Tmut/Pois      1%         N/A       100%        6
 Plasma Beam              Fire/Air       4%         2x1d15    100%        6
 Starburst                Conj/Fire      6%         6d4       100%        6
 Summon Hydra             Summ           1%         N/A       100%        7


Dungeon Overview and Level Annotations

Branches:
Dungeon (8/15)             Temple (1/1) D:5           Sewer (visited)
   Lair: D:8-11

Altars:
Ashenzari
Dithmenos
Fedhas
Gozag
Hepliaklqana
Kikubaaqudgha
Makhleb
Nemelex Xobeh
Okawaru
Qazlal
Uskayaw
Vehumet
Wu Jian
Xom
Yredelemnul

Shops:
D:5 *(*

Annotations:
D:7 Dowan, Duvessa


Innate Abilities, Weirdness & Mutations

You are surrounded by a mild repulsion field. (EV +2)
You sometimes gain power by taking damage.
You are mostly covered in sharp spines.
Your touch may inflict irresistible damage on your foes.


Message History

You feel sick.
You feel sick.
You feel sick.
You are no longer poisoned.
A kobold comes into view. It is wielding a +0 dagger.
The kobold shouts!
Casting: Foxfire (safe; 24% risk of failure)
Confirm with . or Enter, or press ? or * to list all spells.
Okay, then.
Aiming: Mindburst
Press: ? - help, Shift-Dir - straight line, f - two-headed ogre
Aim: a two-headed ogre, wielding two +0 giant clubs (chance to affect: 62%)
The two-headed ogre's minds are blasted!
A kobold comes into view.
It is wielding a +0 whip and quivering poisoned darts.
Aiming: Mindburst
Press: ? - help, Shift-Dir - straight line, f/p - two-headed ogre
Aim: a two-headed ogre, wielding two +0 giant clubs (moderately wounded, chance to affect: 62%)
The two-headed ogre's minds are blasted!!
The kobold shouts!
The two-headed ogre is struck by your spines.
The two-headed ogre hits you with a +0 giant club!
The two-headed ogre hits you with a +0 giant club.
Aiming: Mindburst
Press: ? - help, Shift-Dir - straight line, f/p - two-headed ogre
Aim: a two-headed ogre, wielding two +0 giant clubs (heavily wounded, chance to affect: 62%)
The two-headed ogre's minds are blasted!
The now-empty wand crumbles to dust.
A kobold comes into view. It is wielding a +0 short sword.
The two-headed ogre hits you with a +0 giant club!!
* * * LOW HITPOINT WARNING * * *
The two-headed ogre barely misses you.
You barely miss the two-headed ogre.
The two-headed ogre is almost dead.
The kobold shouts!
You hear a shout!
The kobold barely misses you.
A kobold brigand comes into view.
It is wielding a +0 dagger and quivering poisoned darts.
You hit the two-headed ogre.
The two-headed ogre is almost dead.
The two-headed ogre hits you with a +0 giant club!!
You die...

... #.#
#######?#
###.......#
#<#.......#####
#.#.............
#........#######
#...O....#
#...@....#
#..K.....#
#......###
#K###### #...
KK..# ###


You could see a two-headed ogre, a kobold brigand and 3 kobolds.

Vanquished Creatures
  A cyclops (D:6)
  A hornet (D:8)
  Grinder (D:6)
  A water moccasin (D:5)
  2 ice beasts
  A phantom (D:5)
  5 kobold brigands
  A scorpion (D:6)
  4 wights (D:4)
  3 killer bees (D:7)
  4 hounds
  A jelly (D:7)
  4 orc priests
  2 sleepcaps
  2 iguanas (D:6)
  A scorpion zombie (D:3)
  An orc wizard (D:5)
  3 gnolls (D:4)
  6 adders
  A river rat (Sewer)
  A white imp (D:5)
  2 ufetubi
  3 worms (Sewer)
  A dart slug (D:4)
  8 orcs
  A bat (D:1)
  6 endoplasms
  6 giant cockroaches (D:4)
  7 goblins
  7 hobgoblins
  7 jackals (D:4)
  15 kobolds
  2 quokkas (D:4)
  2 ball pythons
  5 frilled lizards
  A giant cockroach zombie (D:3)
  5 rats (Sewer)
124 creatures vanquished.

Vanquished Creatures (others)
  17 foxfires
17 creatures vanquished.

Grand Total: 141 creatures vanquished

Notes
Turn   | Place    | Note
-------+----------+-------------------------------------------
     0 | D:1      | AiryTheDragon the Demonspawn Gladiator began the quest for
                  | the Orb.
     0 | D:1      | Reached XP level 1. HP: 16/16 MP: 1/1
     3 | D:1      | Noticed an electric eel
     4 | D:1      | Noticed an electric eel
   522 | D:2      | Gained mutation: You are partially covered in sharp spines.
                  | [demonic ancestry]
   522 | D:2      | Reached XP level 2. HP: 17/22 MP: 2/2
  1863 | D:3      | Gained mutation: Your touch may inflict minor irresistible
                  | damage on your foes. [demonic ancestry]
  1863 | D:3      | Reached XP level 3. HP: 28/28 MP: 3/3
  1963 | D:3      | Found a radiant altar of Vehumet.
  2045 | D:3      | Reached skill level 1 in Armour
  2069 | D:3      | Found a basalt altar of Yredelemnul.
  2282 | D:4      | Noticed a scorpion
  2305 | D:4      | Reached skill level 1 in Axes
  2333 | D:4      | Gained mutation: You are surrounded by a mild repulsion
                  | field. (EV +2) [demonic ancestry]
  2333 | D:4      | Reached XP level 4. HP: 34/34 MP: 4/4
  2460 | D:4      | Gained mutation: You sometimes gain a little power by
                  | taking damage. [demonic ancestry]
  2460 | D:4      | Reached XP level 5. HP: 39/39 MP: 5/5
  2460 | D:4      | Found a glowing drain.
  2492 | Sewer    | Entered a sewer
  2498 | Sewer    | Learned a level 4 spell: Fulminant Prism
  2561 | Sewer    | Reached skill level 1 in Stealth
  2749 | Sewer    | Reached skill level 1 in Conjurations
  2749 | Sewer    | Gained mutation: You sometimes gain power by taking damage.
                  | [demonic ancestry]
  2749 | Sewer    | Reached XP level 6. HP: 32/46 MP: 5/7
  2875 | Sewer    | Reached skill level 1 in Hexes
  2875 | Sewer    | Reached skill level 1 in Evocations
  3110 | Sewer    | Reached skill level 1 in Spellcasting
  3357 | D:4      | Learned a level 3 spell: Volatile Blastmotes
  3382 | D:4      | Found an ornate altar of the Wu Jian Council.
  3548 | D:4      | Reached XP level 7. HP: 52/52 MP: 9/9
  3612 | D:4      | Learned a level 2 spell: Poisonous Vapours
  3782 | D:4      | Reached skill level 1 in Translocations
  3906 | D:5      | Entered Level 5 of the Dungeon
  4094 | D:5      | Reached skill level 1 in Fire Magic
  4135 | D:5      | Found a staircase to the Ecumenical Temple.
  4149 | Temple   | Entered the Ecumenical Temple
  4225 | D:5      | Found Puehew's General Store.
  4266 | D:5      | Reached skill level 1 in Polearms
  4266 | D:5      | Gained mutation: Your touch may inflict irresistible damage
                  | on your foes. [demonic ancestry]
  4266 | D:5      | Reached XP level 8. HP: 54/58 MP: 11/11
  4314 | D:5      | Found Gomuiha's General Store.
  4316 | D:5      | Found Sauchugo's Specific Store.
  4320 | D:5      | Bought 4 atropa-tipped darts for 39 gold pieces
  4326 | D:5      | Bought a +2 hat for 192 gold pieces
  4326 | D:5      | Bought a potion of heal wounds for 60 gold pieces
  4326 | D:5      | Bought a potion of curing for 36 gold pieces
  4426 | D:5      | Found Taggaum's Weapon Boutique.
  5076 | D:6      | Noticed a cyclops
  5085 | D:6      | Killed a cyclops
  5086 | D:6      | Reached skill level 1 in Shields
  5445 | D:6      | Noticed Grinder
  5465 | D:6      | Killed Grinder
  5466 | D:6      | Gained mutation: You are mostly covered in sharp spines.
                  | [demonic ancestry]
  5466 | D:6      | Reached XP level 9. HP: 61/64 MP: 12/14
  5649 | D:7      | Learned a level 1 spell: Foxfire
  5803 | D:7      | Noticed Duvessa
  5803 | D:7      | Noticed Dowan
  5817 | D:8      | Noticed a two-headed ogre
  5835 | D:8      | Demolished by a two-headed ogre

Illustrated notes

Levels and vault maps discovered:
D:1:      arrival_aquarium_b, layout_loops_ring, minmay_gold_behind_fungi
D:2:      layout_loops_ring, minmay_fountain_box, chequers_avenue,
          minmay_goblin_outpost
D:3:      layout_basic, zin_academy, lemuel_zombie_altar_yredelemnul,
          mainiacjoe_overflow_six_doors_small
D:4:      layout_gridville, mainiacjoe_overflow_24_doors, portal_sewer_entry_f,
          roderic_cross_of_infinity
D:5:      layout_gridville, minmay_temple_entry_tees, serial_shops, shop,
          nicolae_shop_back_alley_shop, nicolae_specific_store
D:6:      layout_basic, uniq_grinder
D:7:      layout_layer_cave, chequers_temple_overflow_minitemple, uniq_duvessa
D:8:      layout_basic, nicolae_sif_muna_condensation
Temple:   nicolae_temple_god_jail

Skill      XL: |  1  2  3  4  5  6  7  8  9 |
---------------+----------------------------+-----
Dodging        | 3 |  3.4
Staves         | 3 |  3.0
Armour         | 1 2 3 |  3.2
Axes           | 1 2 3 |  3.1
Stealth        | 1 |  1.1
Throwing       | 2 3 |  3.3
Conjurations   | 1 2 |  2.3
Hexes          | 1 2 |  2.5
Evocations     | 1 2 3 |  3.3
Spellcasting   | 1 2 3 |  3.5
Fighting       | 3 |  3.5
Translocations | 1 2 3 |  3.0
Fire Magic     | 1 2 3 |  3.0
Polearms       | 1 3 |  3.9
Shields        | 1 |  1.8

Action                     |  1- 3 |  4- 6 |  7- 9 || total
---------------------------+-------+-------+-------++-------
  Melee: Hand axe          |    63 |    96 |       ||   159
         Quarterstaff      |    12 |       |       ||    12
         Touch             |     2 |    14 |    10 ||    26
         Dagger            |       |     1 |     3 ||     4
         Trident           |       |       |   106 ||   106
         Punch             |       |       |     1 ||     1
  Throw: Dart              |       |    42 |     4 ||    46
         Javelin           |       |     2 |     1 ||     3
         Throwing net      |       |     1 |       ||     1
   Cast: Foxfire           |       |       |     9 ||     9
  Evoke: Wand              |       |     5 |    20 ||    25
    Use: Scroll            |       |       |     6 ||     6
 Armour: Leather armour    |    25 |       |       ||    25
         Ring mail         |     5 |     5 |       ||    10
         Scale mail        |       |    16 |    34 ||    50
  Dodge: Dodged            |    65 |    62 |    66 ||   193
  Block: Buckler           |       |       |    12 ||    12
